 Dungeon Crawl Stone Soup version 0.30.1-9-gdf580d7c3d (webtiles) character file.

Game seed: 8225631069474765886

277 Peloso the Slasher (level 6, -8/53 HPs)
             Began as a Minotaur Fighter on Sept 30, 2023.
             Mangled by Duvessa
             ... wielding a +0 short sword
              (14 damage)
             ... on level 4 of the Dungeon.
             The game lasted 00:04:24 (2632 turns).

Peloso the Slasher (Minotaur Fighter)               Turns: 2632, Time: 00:04:25

Health: -8/53      AC:  9    Str: 17 (20) XL:     6   Next: 4%
Magic:  5/5        EV:  7    Int:  2 (5)  God:
Gold:   153        SH:  0    Dex: 10 (12) Spells: 5/5 levels left

rFire   . . .        a - +0 long sword
rCold   . . .        d - +0 buckler
rNeg    . . .        c - +0 chain mail
rPois   .            (helmet restricted)
rElec   .            (no cloak)
rCorr   .            (no gloves)
SInv    .            (no boots)
Will    .....        (no amulet) Stlth
                     (no ring)
HPRegen 0.28/turn    (no ring)
MPRegen 0.09/turn

%: no passive effects
@: confused, brilliant, ambrosia-drunk, unable to read
A: horns 2, retaliatory headbutt, wild magic 1, inability to read after injury 1
a: no special abilities


You were on level 4 of the Dungeon.
You visited 1 branch of the dungeon, and saw 4 of its levels.

You collected 153 gold pieces.

Inventory:

Hand Weapons
 a - a +0 long sword (weapon)
Armour
 b - a +0 scale mail
 c - a +0 chain mail (worn)
 d - a +0 buckler (worn)
Jewellery
 o - a ring of magical power
 v - a ring of wizardry
Wands
 i - a wand of flame (27)
Scrolls
 e - a scroll of poison {unknown}
 f - 2 scrolls of enchant weapon {unknown}
 g - a scroll of acquirement {unknown}
 k - 7 scrolls of identify {unknown}
 m - 2 scrolls of fear {unknown}
 n - 2 scrolls of teleportation {unknown}
 s - a scroll of vulnerability {unknown}
Potions
 h - a potion of invisibility {unknown}
 j - a potion of heal wounds {unknown}
 l - a potion of haste {unknown}
 p - a potion of brilliance
 q - 2 potions of might
 r - a potion of ambrosia
 t - a potion of degeneration
 u - 2 potions of mutation


   Skills:
 + Level 4.7 Fighting
 + Level 5.8 Long Blades
 + Level 4.8 Armour
 + Level 0.7 Dodging
 + Level 4.0 Shields


You had 5 spell levels left.
You didn't know any spells.
Your spell library contained the following spells:

 Spells                   Type           Power      Damage    Failure   Level
 Sublimation of Blood     Necr           0%         N/A       100%        2
 Petrify                  Tmut/Erth      0%         N/A       100%        4
 Irradiate                Conj/Tmut      0%         3d11      100%        5


Dungeon Overview and Level Annotations

Branches:
Dungeon (4/15)
 Temple: D:4-7

Altars:
Fedhas
Makhleb
Zin

Shops:
D:1 *

Annotations:
D:4 Duvessa


Innate Abilities, Weirdness & Mutations

You have a pair of horns on your head.
You reflexively headbutt those who attack you in melee.
Your spells are a little harder to cast, but a little more powerful.
You occasionally lose the ability to read scrolls when taking damage.


Message History

Duvessa is moderately wounded.
You block Duvessa's attack.
You hit Duvessa but do no damage. You headbutt Duvessa.
Duvessa is moderately wounded.
You block Duvessa's attack. Duvessa hits you with a +0 short sword!
You closely miss Duvessa.
Duvessa is moderately wounded.
Duvessa barely misses you. Duvessa hits you with a +0 short sword.
You closely miss Duvessa. You headbutt Duvessa, but do no damage.
Duvessa is moderately wounded.
Duvessa hits you but does no damage. Duvessa hits you with a +0 short sword.
You hit Duvessa.
Duvessa is heavily wounded.
Duvessa hits you with a +0 short sword.
You barely miss Duvessa.
Duvessa is heavily wounded.
Duvessa barely misses you. Duvessa hits you but does no damage.
You completely miss Duvessa. Your headbutt misses Duvessa.
Duvessa is heavily wounded.
Duvessa hits you with a +0 short sword! x2
* * * LOW HITPOINT WARNING * * *
It was a potion of mutation.
You feel extremely strange.
You occasionally lose the ability to read scrolls when taking damage.
You feel less in control of your magic. Duvessa barely misses you.
Duvessa barely misses you. Duvessa hits you with a +0 short sword.
* * * LOW HITPOINT WARNING * * *
It was a potion of degeneration.
There was something very wrong with that liquid.
You feel weakened.
You feel dopey.
You feel clumsy. Duvessa barely misses you.
It was a potion of brilliance.
You feel clever all of a sudden. Duvessa closely misses you.
You furiously retaliate!
You headbutt Duvessa. You block Duvessa's attack.
It was a potion of ambrosia.
You are confused.
You feel invigorated. Duvessa hits you with a +0 short sword!
You feel threatened and lose the ability to read scrolls!
You die...

#.# #.#
#.#######.##
#..........#
#########..#
#).# . #..#
# #..# #
#..# # #@e#
# #..#
###### #..#
...... #..#
# #..#
###### #...
...... #..##
###### #..#
## #... ##.


You could see Duvessa (berserk).

Vanquished Creatures
  Dowan (D:4)
  An orc priest (D:4)
  Terence (D:2)
  7 gnolls
  3 adders
  A worm (D:3)
  A dart slug (D:3)
  9 orcs
  A bat (D:3)
  8 endoplasms
  2 giant cockroaches
  3 goblins
  7 hobgoblins
  2 jackals (D:3)
  2 quokkas
  5 ball pythons
  6 frilled lizards
  6 kobolds
  8 rats
  A butterfly (D:4)
75 creatures vanquished.

Notes
Turn   | Place    | Note
-------+----------+-------------------------------------------
     0 | D:1      | Peloso the Minotaur Fighter began the quest for the Orb.
     0 | D:1      | Reached XP level 1. HP: 19/19 MP: 0/0
   146 | D:1      | Found a faded altar of an unknown god.
   213 | D:1      | Found Tac Rez's Assorted Antiques.
   242 | D:1      | Reached XP level 2. HP: 27/27 MP: 1/1
   392 | D:1      | Reached skill level 3 in Long Blades
   908 | D:2      | Found a glowing silver altar of Zin.
   937 | D:2      | Noticed Terence
   947 | D:2      | Killed Terence
   948 | D:2      | Reached XP level 3. HP: 14/33 MP: 2/2
  1460 | D:3      | Reached XP level 4. HP: 40/40 MP: 3/3
  1478 | D:3      | Reached skill level 4 in Long Blades
  1760 | D:3      | Found a burning altar of Makhleb.
  1760 | D:3      | Found a blossoming altar of Fedhas.
  1946 | D:3      | Reached XP level 5. HP: 44/47 MP: 4/4
  2258 | D:4      | Reached skill level 5 in Long Blades
  2592 | D:4      | Noticed Dowan
  2608 | D:4      | Killed Dowan
  2609 | D:4      | Reached XP level 6. HP: 53/53 MP: 5/5
  2618 | D:4      | Noticed Duvessa
  2628 | D:4      | Gained mutation: You occasionally lose the ability to read
                  | scrolls when taking damage. [potion of mutation]
  2628 | D:4      | Gained mutation: Your spells are a little harder to cast,
                  | but a little more powerful. [potion of mutation]
  2629 | D:4      | HP: 2/53 [Duvessa/+0 short sword (2)]
  2632 | D:4      | Mangled by Duvessa

Illustrated notes

Levels and vault maps discovered:
D:1:      wheals_arrival_linesprint, layout_loops_cross, serial_shops,
          nicolae_shop_waterfront, ebering_ecumenical_altar_hall
D:2:      layout_basic, basic_altar, uniq_terence
D:3:      layout_loops_ring, gammafunk_temple_overflow_statue, feat_on_display
D:4:      layout_loops_ring, minmay_temple_entry_butterflies, uniq_duvessa

Skill      XL: |  1  2  3  4  5 |
---------------+----------------+-----
Long Blades    | 3 4 5 |  5.8
Fighting       | 4 |  4.7
Armour         | 4 |  4.8
Shields        | 4 |  4.0
Dodging        | |  0.7

Action                     |  1- 3 |  4- 6 || total
---------------------------+-------+-------++-------
  Melee: Long sword        |    81 |   106 ||   187
         Headbutt          |    10 |    20 ||    30
    Use: Potion            |     3 |     4 ||     7
   Stab: Distracted        |     1 |       ||     1
 Armour: Scale mail        |    27 |     9 ||    36
         Chain mail        |       |    29 ||    29
  Dodge: Dodged            |    40 |    41 ||    81
  Block: Buckler           |    13 |    15 ||    28
